2145 views
Uploaded 2022-06-12 20:53:46
Game version 1.32.10
25:58 long 1on1 ladder game on (2)TerenasStand_LV
Saved by ReXBoA
2145 views
Uploaded 2022-06-12 20:53:46
Game version 1.32.10
25:58 long 1on1 ladder game on (2)TerenasStand_LV

47 units @ 6.1k
/ 0.9k
20 buildings @ 3.7k
/ 1.6k


x1)
| Healing Salve | 8 | 800 |
| Lesser Clarity Potion | 8 | 560 |
| Scroll of Speed | 6 | 300 |
| Potion of Healing | 2 | 300 |
| Potion of Mana | 3 | 600 |
| Scroll of Town Portal | 2 | 700 |
| Scroll of Healing | 5 | 1250 |
| Potion of Lesser Invulnerability | 1 | 150 |
| Tome of Retraining | 1 | 300 |
| total: | 36 | 4960g |
| Peon | 21 | 1575 | / | 0 |
| Troll Headhunter | 8 | 1120 | / | 160 |
| Shaman | 8 | 1040 | / | 160 |
| Tauren | 5 | 1400 | / | 400 |
| Troll Berserker | 4 | 560 | / | 80 |
| Goblin Shredder | 1 | 375 | / | 100 |
| total: | 47 | 6070g | / | 900w |
| Watch Tower | 3 | 330 | / | 240 |
| Altar of Storms | 1 | 180 | / | 50 |
| Orc Burrow | 8 | 1280 | / | 320 |
| War Mill | 1 | 205 | / | 0 |
| Barracks | 1 | 180 | / | 50 |
| Voodoo Lounge | 1 | 130 | / | 30 |
| Great Hall | 3 | 1155 | / | 555 |
| Spirit Lodge | 1 | 150 | / | 150 |
| Tauren Totem | 1 | 135 | / | 155 |
| Stronghold | 2 | 630 | / | 380 |
| Fortress | 2 | 650 | / | 380 |
| total: | 20 | 3745g | / | 1550w |
| 0:02 | Peon |
| 0:02 | Peon |
| 0:02 | Peon |
| 0:05 | Altar of Storms |
| 0:18 | Orc Burrow |
| 0:21 | Peon |
| 0:21 | Peon |
| 0:48 | War Mill |
| 0:52 | Peon |
| 0:52 | Peon |
| 1:04 | Barracks |
| 1:09 | Peon |
| 1:25 | Peon |
| 1:38 | Orc Burrow |
| 1:41 | Peon |
| 1:42 | Peon |
| 2:04 | Troll Headhunter |
| 2:04 | Troll Headhunter |
| 2:07 | Feral Spirit |
| 2:09 | Troll Headhunter |
| 2:49 | Stronghold |
| 2:54 | Voodoo Lounge |
| 3:17 | Troll Headhunter |
| 3:36 | Troll Headhunter |
| 3:39 | Orc Burrow |
| 4:20 | Troll Headhunter |
| 4:41 | Troll Headhunter |
| 4:55 | Chain Lighting |
| 5:04 | Troll Headhunter |
| 5:19 | Troll Regeneration |
| 5:36 | Spirit Lodge |
| 6:09 | Healing Salve |
| 6:09 | Healing Salve |
| 6:09 | Healing Salve |
| 6:09 | Lesser Clarity Potion |
| 6:09 | Scroll of Speed |
| 6:29 | War Stomp |
| 6:43 | Fortress |
| 6:54 | Shaman Adept Training |
| 7:01 | Reinforced Defenses |
| 7:05 | Tauren Totem |
| 7:31 | Healing Salve |
| 7:31 | Lesser Clarity Potion |
| 7:31 | Scroll of Speed |
| 7:42 | Shaman |
| 8:16 | Endurance Aura |
| 8:22 | Orc Burrow |
| 8:24 | Feral Spirit |
| 9:14 | Shaman |
| 9:51 | Shaman Master Training |
| 9:54 | Orc Burrow |
| 10:15 | Tauren |
| 10:59 | Healing Salve |
| 10:59 | Lesser Clarity Potion |
| 10:59 | Scroll of Speed |
| 11:10 | Shaman |
| 11:11 | Tauren |
| 11:31 | War Stomp |
| 11:45 | Berserker Upgrade |
| 12:32 | Great Hall |
| 12:44 | Peon |
| 12:44 | Peon |
| 13:08 | Chain Lighting |
| 13:44 | Peon |
| 15:02 | Shaman |
| 15:19 | Endurance Aura |
| 15:36 | Scroll of Town Portal |
| 15:37 | Healing Salve |
| 15:37 | Lesser Clarity Potion |
| 15:37 | Scroll of Speed |
| 15:53 | Lesser Clarity Potion |
| 15:55 | Peon |
| 15:55 | Peon |
| 15:55 | Peon |
| 15:55 | Peon |
| 16:07 | Healing Salve |
| 16:40 | Goblin Shredder |
| 17:01 | Orc Burrow |
| 17:23 | Peon |
| 17:24 | Peon |
| 17:24 | Peon |
| 17:35 | Tauren |
| 17:35 | Troll Berserker |
| 17:56 | Potion of Healing |
| 17:56 | Potion of Healing |
| 18:08 | Scroll of Healing |
| 18:08 | Potion of Lesser Invulnerability |
| 18:09 | Scroll of Healing |
| 18:35 | Feral Spirit |
| 18:41 | Shaman |
| 18:55 | Orc Burrow |
| 18:56 | Watch Tower |
| 19:17 | Tome of Retraining |
| 19:17 | Retrain Hero |
| 19:18 | Shockwave |
| 19:18 | Endurance Aura |
| 19:25 | Lesser Clarity Potion |
| 19:26 | Potion of Mana |
| 19:30 | Lesser Clarity Potion |
| 19:33 | Potion of Mana |
| 19:33 | Scroll of Speed |
| 19:42 | Orc Burrow |
| 19:44 | Steel Armor |
| 19:53 | Shaman |
| 20:19 | War Stomp |
| 20:44 | Shaman |
| 20:45 | Tauren |
| 20:56 | Pulverize |
| 20:57 | Troll Berserker |
| 20:58 | Troll Berserker |
| 21:13 | Watch Tower |
| 21:30 | Healing Salve |
| 21:30 | Lesser Clarity Potion |
| 21:30 | Scroll of Speed |
| 21:32 | Potion of Mana |
| 21:41 | Scroll of Healing |
| 22:33 | Watch Tower |
| 23:16 | Tauren |
| 23:17 | Shaman |
| 23:18 | Troll Berserker |
| 23:26 | Great Hall |
| 24:28 | Great Hall |
| 24:39 | Scroll of Town Portal |
| 24:39 | Scroll of Healing |
| 24:45 | Scroll of Healing |
| 24:51 | Reincarnation |
| Right click | 1940 |
| Select group | 1898 |
| Select | 1321 |
| Build/train/purchase | 234 |
| Use ability | 172 |
| Misc. action | 159 |
| Assign group | 43 |
| Chat | 30 |
| Item give/drop | 6 |
| Esc | 6 |
63 units @ 8.3k
/ 0.7k
25 buildings @ 3.6k
/ 1.6k



| Lesser Clarity Potion | 3 | 210 |
| Scroll of Regeneration | 3 | 300 |
| Ivory Tower | 3 | 120 |
| Staff of Sanctuary | 1 | 250 |
| Potion of Mana | 1 | 200 |
| Orb of Fire | 1 | 325 |
| Scroll of Town Portal | 2 | 700 |
| Boots of Speed | 1 | 250 |
| Potion of Lesser Invulnerability | 1 | 150 |
| Staff of Teleportation | 1 | 150 |
| total: | 17 | 2655g |
| Peasant | 26 | 1950 | / | 0 |
| Footman | 16 | 2160 | / | 0 |
| Spell Breaker | 10 | 2150 | / | 300 |
| Priest | 6 | 810 | / | 60 |
| Knight | 5 | 1225 | / | 300 |
| total: | 63 | 8295g | / | 660w |
| Scout Tower | 4 | 120 | / | 80 |
| Arcane Tower | 4 | 280 | / | 200 |
| Guard Tower | 1 | 70 | / | 50 |
| Farm | 8 | 640 | / | 160 |
| Altar of Kings | 1 | 180 | / | 50 |
| Barracks | 3 | 480 | / | 180 |
| Town Hall | 4 | 1540 | / | 820 |
| Lumber Mill | 1 | 120 | / | 0 |
| Arcane Vault | 2 | 260 | / | 60 |
| Blacksmith | 1 | 140 | / | 60 |
| Arcane Sanctum | 1 | 150 | / | 140 |
| Keep | 1 | 320 | / | 210 |
| Castle | 1 | 360 | / | 210 |
| total: | 25 | 3630g | / | 1550w |
| 0:04 | Farm |
| 0:05 | Peasant |
| 0:07 | Altar of Kings |
| 0:13 | Barracks |
| 0:15 | Peasant |
| 0:26 | Peasant |
| 0:54 | Peasant |
| 0:57 | Farm |
| 1:04 | Peasant |
| 1:04 | Peasant |
| 1:04 | Peasant |
| 1:19 | Footman |
| 1:25 | Peasant |
| 1:41 | Farm |
| 1:45 | Footman |
| 1:47 | Peasant |
| 2:00 | Footman |
| 2:06 | Summon Water Elemental |
| 2:12 | Peasant |
| 2:35 | Peasant |
| 3:00 | Brilliance Aura |
| 3:12 | Footman |
| 3:17 | Scout Tower |
| 3:22 | Footman |
| 3:30 | Arcane Tower |
| 3:35 | Peasant |
| 3:39 | Defend |
| 4:46 | Footman |
| 4:52 | Footman |
| 4:55 | Barracks |
| 5:19 | Footman |
| 5:28 | Town Hall |
| 5:35 | Footman |
| 6:05 | Farm |
| 6:32 | Town Hall |
| 6:33 | Peasant |
| 6:48 | Lumber Mill |
| 6:49 | Footman |
| 6:51 | Peasant |
| 7:05 | Boots of Speed |
| 7:10 | Peasant |
| 7:17 | Peasant |
| 7:39 | Peasant |
| 7:41 | Peasant |
| 7:49 | Footman |
| 7:56 | Footman |
| 8:04 | Scout Tower |
| 8:07 | Peasant |
| 8:19 | Improved Lumber Harvesting |
| 8:34 | Footman |
| 8:40 | Arcane Tower |
| 8:58 | Keep |
| 8:59 | Footman |
| 9:07 | Summon Water Elemental |
| 9:16 | Footman |
| 9:29 | Arcane Vault |
| 9:56 | Footman |
| 10:29 | Potion of Lesser Invulnerability |
| 10:29 | Staff of Teleportation |
| 10:45 | Lesser Clarity Potion |
| 10:47 | Scroll of Regeneration |
| 10:56 | Blacksmith |
| 10:59 | Farm |
| 11:07 | Farm |
| 11:32 | Castle |
| 11:47 | Healing Spray |
| 11:55 | Arcane Sanctum |
| 12:28 | Acid Bomb |
| 12:42 | Spell Breaker |
| 12:42 | Spell Breaker |
| 12:45 | Farm |
| 13:20 | Spell Breaker |
| 13:20 | Spell Breaker |
| 13:55 | Spell Breaker |
| 13:55 | Spell Breaker |
| 13:55 | Spell Breaker |
| 13:55 | Spell Breaker |
| 13:56 | Spell Breaker |
| 13:58 | Healing Spray |
| 14:19 | Town Hall |
| 14:38 | Animal War Training |
| 14:44 | Farm |
| 15:31 | Arcane Vault |
| 15:36 | Peasant |
| 15:36 | Peasant |
| 15:37 | Peasant |
| 15:40 | Priest Adept Training |
| 16:00 | Scout Tower |
| 16:10 | Lesser Clarity Potion |
| 16:12 | Scroll of Regeneration |
| 16:21 | Priest |
| 16:26 | Arcane Tower |
| 16:28 | Ivory Tower |
| 16:31 | Staff of Sanctuary |
| 16:36 | Arcane Tower |
| 16:39 | Acid Bomb |
| 16:52 | Lesser Clarity Potion |
| 16:54 | Potion of Mana |
| 16:56 | Orb of Fire |
| 16:59 | Spell Breaker |
| 17:03 | Priest |
| 17:06 | Holy Light |
| 18:10 | Knight |
| 18:38 | Knight |
| 18:58 | Scroll of Regeneration |
| 19:08 | Priest |
| 19:09 | Knight |
| 19:09 | Knight |
| 19:11 | Iron Plating |
| 19:12 | Barracks |
| 19:31 | Brilliance Aura |
| 19:34 | Peasant |
| 19:34 | Peasant |
| 19:37 | Scroll of Town Portal |
| 19:37 | Scroll of Town Portal |
| 19:39 | Ivory Tower |
| 19:46 | Guard Tower |
| 19:49 | Ivory Tower |
| 20:40 | Knight |
| 20:51 | Priest |
| 21:08 | Town Hall |
| 21:20 | Divine Shield |
| 22:28 | Priest |
| 22:44 | Scout Tower |
| 23:32 | Priest |
| 24:11 | Peasant |
| 24:38 | Peasant |
| Right click | 2031 |
| Select | 995 |
| Select group | 914 |
| Build/train/purchase | 201 |
| Misc. action | 133 |
| Chat | 116 |
| Use ability | 92 |
| Assign group | 86 |
| Item give/drop | 10 |
| Esc | 7 |
| Remove unit | 1 |